 Dungeon Crawl Stone Soup version 0.28.0-62-gf88900778d (webtiles) character file.

Game seed: 17261207286955483680

4027 cbfl8 the Cleaver (level 10, -21/90 HPs)
             Began as a Minotaur Berserker on Feb 23, 2023.
             Was an Elder of Trog.
             Demolished by a skeletal warrior
             ... wielding a +1 vampiric war axe
              (24 damage)
             ... on level 8 of the Dungeon.
             The game lasted 00:07:24 (8043 turns).

cbfl8 the Cleaver (Minotaur Berserker)              Turns: 8043, Time: 00:07:25

Health: -21/90     AC: 15    Str: 21    XL:     10   Next: 4%
Magic:  9/9        EV:  8    Int:  4    God:    Trog [****..]
Gold:   510        SH:  0    Dex: 15    Spells: 9/9 levels left

rFire   . . .      SeeInvis .   u - +3 battleaxe (freeze)
rCold   . . .      Faith    .   (shield currently unavailable)
rNeg    . . .      Spirit   .   e - +0 plate armour
rPois   .          Reflect  .   (helmet restricted)
rElec   .          Harm     .   (no cloak)
rCorr   .          Rampage  .   (no gloves)
Will    .....                   a - +0 pair of boots
Stlth   ..........              (no amulet)
HPRegen 0.25/turn               (no ring)
MPRegen 0.11/turn               (no ring)

@: on berserk cooldown, slowed, very slow
A: horns 2, retaliatory headbutt
a: Renounce Religion, Berserk, Trog's Hand, Brothers in Arms


You were on level 8 of the Dungeon.
You worshipped Trog.
Trog was greatly pleased with you.
You visited 1 branch of the dungeon, and saw 9 of its levels.

You collected 510 gold pieces.

Inventory:

Hand Weapons
 u - a +3 battleaxe of freezing (weapon)
 w - the +10 hand axe of Tynaq {vorpal, Will++ Int+4 Dex-2}
   (You found it on level 8 of the Dungeon)

   It inflicts extra damage upon your enemies.
   Int:       It affects your intelligence (+4).
   Dex:       It affects your dexterity (-2).
   Will:      It greatly increases your willpower.
Armour
 a - a +0 pair of boots (worn)
 e - a +0 plate armour (worn)
Scrolls
 b - 3 scrolls of blinking {unknown}
 c - 3 scrolls of teleportation
 f - a scroll of enchant armour
 g - 2 scrolls of summoning {unknown}
 i - 3 scrolls of magic mapping
 m - a scroll of acquirement {unknown}
 p - a scroll of fog {unknown}
 q - a scroll of torment {unknown}
 t - a scroll of brand weapon {unknown}
 y - a scroll of identify
 A - a scroll of immolation {unknown}
Potions
 d - a potion of magic {unknown}
 h - a potion of heal wounds {unknown}
 j - 5 potions of curing {unknown}
 k - a potion of ambrosia {unknown}
 l - 3 potions of invisibility
 n - 4 potions of lignification {unknown}
 o - 2 potions of flight {unknown}
 r - a potion of attraction {unknown}
 s - 2 potions of degeneration {unknown}
 v - a potion of haste {unknown}
 x - a potion of resistance {unknown}
 z - a potion of berserk rage {unknown}


   Skills:
 + Level 8.4 Fighting
 + Level 12.6 Axes
 + Level 9.5 Armour
 + Level 3.3 Dodging
 + Level 0.8 Stealth


You had 9 spell levels left.
You didn't know any spells.
Your spell library was empty.

Dungeon Overview and Level Annotations

Branches:
Dungeon (9/15)             Temple (0/1) D:5
   Lair: D:8-11         Orc: D:9-12

Altars:
Cheibriados
Dithmenos
Ru
Uskayaw
Xom
Zin

Shops:
D:4 [=


Innate Abilities, Weirdness & Mutations

You have a pair of horns on your head.
You reflexively headbutt those who attack you in melee.


Message History

You feel sick. Something hits you but does no damage.
You slash something! You freeze something! Trog accepts your kill.
Reactivating autopickup.
You feel a bit more experienced.
You feel sick.
You closely miss the skeletal warrior. You headbutt the skeletal warrior!
The skeletal warrior is moderately damaged.
The skeletal warrior closely misses you.
You closely miss the skeletal warrior. You headbutt the skeletal warrior!
The skeletal warrior is heavily damaged.
You feel sick.
You closely miss the skeletal warrior.
The skeletal warrior is heavily damaged.
You feel sick.
You are no longer poisoned.
The skeletal warrior hits you with a +1 vampiric war axe!
* * * LOW HITPOINT WARNING * * *
The skeletal warrior draws strength from your wounds!
You barely miss the skeletal warrior.
You headbutt the skeletal warrior, but do no damage.
The skeletal warrior is moderately damaged.
The skeletal warrior hits you with a +1 vampiric war axe!
* * * LOW HITPOINT WARNING * * *
The skeletal warrior draws strength from your wounds!
Unknown command.
You barely miss the skeletal warrior.
The skeletal warrior is lightly damaged.
The skeletal warrior hits you with a +1 vampiric war axe!
* * * LOW HITPOINT WARNING * * *
The skeletal warrior draws strength from your wounds!
Unknown command.
You hit the skeletal warrior.
The skeletal warrior is lightly damaged.
You are too berserk!
You feel a strong urge to attack something.
You are no longer berserk.
You are exhausted.
You feel yourself slow down.
The skeletal warrior hits you with a +1 vampiric war axe!!
You die...

..#.....#.♣♣♣♣# ...
#.....#.....# ....
#.....#♣♣♣♣.#
.....#.....# ♣...#
...^.#.....#♣♣.### #
....[#.....#..)†.# .♣♣
...........#.♣♣♣.#♣...♣#♣
.#####.....#. ♣.z.$.....
.#######...# ♣@#♣...♣#♣
...........#..?..# .♣♣
...........####### #
...............
..###........... ..#
#....####### ..# #....#
..# #....# #.# ..# #..###
#.#


You could see a skeletal warrior.

Vanquished Creatures
  An ugly thing (D:8)
  A komodo dragon (D:8)
  Eustachio (D:4)
  Menkaure (D:4)
  A water moccasin (D:8)
  A hornet zombie (D:8)
  2 ice beasts
  3 necrophages
  A sky beast (D:8)
  3 ogres
  2 centaurs (D:8)
  Blork the orc (D:4)
  2 kobold brigands
  A scorpion (D:6)
  A bullfrog (D:7)
  A water moccasin zombie (D:5)
  12 killer bees
  5 wights (D:7)
  A bullfrog zombie (D:5)
  2 centaur zombies
  A hound (D:6)
  An orc priest (D:8)
  5 jellies
  3 iguanas
  3 bullfrog skeletons (D:5)
  2 centaur skeletons (D:7)
  2 orc wizards (D:5)
  A killer bee zombie (D:8)
  A howler monkey zombie (D:8)
  5 adders
  5 gnolls
  A howler monkey skeleton (D:4)
  A white imp (D:6)
  3 worms
  5 dart slugs
  21 orcs
  8 ball pythons
  6 bats
  8 endoplasms
  5 giant cockroaches
  5 goblins
  8 hobgoblins
  15 jackals
  14 kobolds
  4 quokkas
  3 frilled lizards
  7 rats
186 creatures vanquished.

Vanquished Creatures (others)
  36 plants
36 creatures vanquished.

Grand Total: 222 creatures vanquished

Notes
Turn   | Place    | Note
-------+----------+-------------------------------------------
     0 | D:1      | cbfl8 the Minotaur Berserker began the quest for the Orb.
     0 | D:1      | Reached XP level 1. HP: 19/19 MP: 0/0
    28 | D:1      | Reached XP level 2. HP: 22/27 MP: 1/1
    29 | D:1      | Reached skill level 4 in Axes
   299 | D:1      | Found a faded altar of an unknown god.
   306 | D:1      | Reached XP level 3. HP: 25/33 MP: 2/2
   346 | D:1      | Reached ** piety under Trog
  1115 | D:2      | Reached XP level 4. HP: 39/41 MP: 3/3
  1672 | D:2      | Reached skill level 5 in Axes
  2283 | D:3      | Reached *** piety under Trog
  2397 | D:3      | Found a sacrificial altar of Ru.
  2435 | D:3      | Reached XP level 5. HP: 47/47 MP: 4/4
  2513 | D:3      | Found a hide-covered altar of Uskayaw.
  2729 | D:3      | Identified the +1 leather armour of Jisusybb {Contam Int+4
                  | Dex+2}
  2803 | D:4      | Noticed Blork the orc
  2812 | D:4      | Killed Blork the orc
  2813 | D:4      | Reached skill level 5 in Fighting
  2963 | D:4      | Noticed Eustachio
  2979 | D:4      | Killed Eustachio
  2980 | D:4      | Reached skill level 6 in Axes
  2980 | D:4      | Reached XP level 6. HP: 53/56 MP: 5/5
  3001 | D:4      | Found Leiply's Jewellery Shoppe.
  3010 | D:4      | Reached skill level 7 in Axes
  3010 | D:4      | Reached XP level 7. HP: 45/62 MP: 6/6
  3241 | D:4      | Found Quiludghu's Antique Armour Shop.
  3685 | D:4      | Noticed Menkaure
  3694 | D:4      | Killed Menkaure
  3695 | D:4      | Reached skill level 5 in Armour
  3955 | D:4      | Reached skill level 8 in Axes
  4205 | D:4      | Identified the +9 spear of Success {vorpal, rC+ Int+2
                  | Dex+3}
  4221 | D:5      | Entered Level 5 of the Dungeon
  4245 | D:5      | Found a staircase to the Ecumenical Temple.
  4484 | D:5      | Reached XP level 8. HP: 71/71 MP: 7/7
  4488 | D:5      | Reached **** piety under Trog
  4685 | D:5      | Found a glowing silver altar of Zin.
  4721 | D:5      | Reached skill level 9 in Axes
  5722 | D:6      | Found a shimmering altar of Xom.
  5730 | D:6      | Reached skill level 10 in Axes
  6319 | D:7      | Reached XP level 9. HP: 7/75 MP: 8/8
  6320 | D:7      | HP: 5/114 [wight/+0 halberd (2)]
  7063 | D:7      | Found a snail-covered altar of Cheibriados.
  7119 | D:7      | Reached skill level 11 in Axes
  7219 | D:8      | You fall into a shaft and drop 1 floor!
  7272 | D:8      | Identified the +10 hand axe of Tynaq {vorpal, Will++ Int+4
                  | Dex-2}
  7407 | D:8      | Noticed a komodo dragon
  7440 | D:8      | Killed a komodo dragon
  7805 | D:8      | Found a shadowy altar of Dithmenos.
  7884 | D:8      | Reached skill level 12 in Axes
  8014 | D:8      | Noticed a green ugly thing
  8026 | D:8      | Noticed a skeletal warrior
  8027 | D:8      | Killed a green ugly thing
  8028 | D:8      | Reached XP level 10. HP: 53/90 MP: 9/9
  8040 | D:8      | HP: 3/135 [skeletal warrior/+1 vampiric war axe (9)]
  8043 | D:8      | Demolished by a skeletal warrior

Illustrated notes

Levels and vault maps discovered:
D:1:      dpeg_arrival_castle, layout_rooms, dreamdust_ecumenical_altar_statues
D:2:      layout_basic
D:3:      layout_loops_ring, mainiacjoe_overflow_concentric_impassable,
          nicolae_uskayaw_murder_on_the_dancefloor, hangedman_glass_teeth,
          minmay_fractal_squares_gapless_5
D:4:      layout_gridville, dk_vineyard_2, nicolae_wooded_promenade,
          serial_bayou_lake_a, uniq_eustachio, uniq_blork_the_orc, uniq_menkaure
D:5:      layout_loops_cross, mainiacjoe_overflow_small_starburst,
          minmay_temple_entry_from_below_a
D:6:      layout_basic, nicolae_overflow_crystal_walls
D:7:      layout_basic, kennysheep_mini_moat
D:8:      nzn_winding_woodlands_medium [nzn_winding_woodlands_5x5_default,
          nzn_winding_woodlands_5x15_pockets,
          nzn_winding_woodlands_5x5_checkerboard,
          nzn_winding_woodlands_5x5_cross, nzn_winding_woodlands_center_garden,
          nzn_winding_woodlands_5x5_open_star, nzn_winding_woodlands_5x5_three,
          nzn_winding_woodlands_5x15_sidewinder,
          nzn_winding_woodlands_5x5_perimeter], layout_basic,
          grunt_temple_overflow_open, tso_altar, david_lair_shrubbed
D:9:      layout_long_grid, uniq_harold

Skill      XL: |  1  2  3  4  5  6  7  8  9 |
---------------+----------------------------+-----
Axes           | 4 5 6 7 8 10 12 | 12.6
Fighting       | 4 5 6 7 8 |  8.4
Armour         | 3 4 5 7 9 |  9.5
Dodging        | 3 |  3.3
Stealth        | |  0.8

Action                   |  1- 3 |  4- 6 |  7- 9 | 10-12 || total
-------------------------+-------+-------+-------+-------++-------
Melee: Hand axe          |    89 |   119 |   105 |       ||   313
       Headbutt          |    15 |    29 |    46 |     4 ||    94
       Punch             |       |       |     5 |       ||     5
       War axe           |       |       |    53 |       ||    53
       Battleaxe         |       |       |    74 |    13 ||    87
Invok: Berserk           |       |       |     3 |       ||     3
  Use: Scroll            |       |     4 |     1 |       ||     5
 Stab: Sleeping          |     1 |       |       |       ||     1
Armor: Animal skin       |     5 |       |       |       ||     5
       Scale mail        |    15 |       |       |       ||    15
       Plate armour      |    23 |    75 |   161 |     3 ||   262
Dodge: Dodged            |    53 |    32 |    83 |     1 ||   169
